 Dungeon Crawl Stone Soup version 0.30.0-29-ga12c61a403 (webtiles) character file.

Game seed: 4263531307632537023

487 Josd the Skirmisher (level 6, -10/52 HPs)
             Began as a Minotaur Hunter on June 9, 2023.
             Mangled by a gnoll
             ... wielding a +0 halberd
              (13 damage)
             ... on level 5 of the Dungeon.
             The game lasted 00:06:55 (3736 turns).

Josd the Skirmisher (Minotaur Hunter)               Turns: 3736, Time: 00:06:57

Health: -10/52     AC:  4    Str: 15    XL:     6   Next: 89%
Magic:  5/5        EV: 12    Int:  6    God:
Gold:   158        SH:  0    Dex: 16    Spells: 5/5 levels left

rFire   . . .        a - +0 shortbow
rCold   . . .        (shield currently unavailable)
rNeg    . . .        c - +0 leather armour
rPois   .            (helmet restricted)
rElec   +            n - +0 cloak
rCorr   .            (no gloves)
SInv    .            (no boots)
Will    .....        (no amulet)
Stlth   ++           (no ring)
HPRegen 0.28/turn    (no ring)
MPRegen 0.09/turn

%: random rage (3%)
@: no status effects
A: horns 2, retaliatory headbutt, berserk 1, electricity resistance, subdued
magic 1
a: no special abilities


You were on level 5 of the Dungeon.
You visited 1 branch of the dungeon, and saw 5 of its levels.
You also visited: Sewer.

You collected 214 gold pieces.
You spent 56 gold pieces at shops.

Inventory:

Hand Weapons
 a - a +0 shortbow (weapon)
Missiles
 i - 6 silver boomerangs
 q - 5 javelins
 s - 12 poisoned darts
Armour
 c - a +0 leather armour (worn)
 n - a +0 cloak (worn)
Magical Staves
 t - a staff of air
Jewellery
 d - a ring of ice
 j - a ring of fire
Wands
 p - a wand of polymorph (5)
Scrolls
 b - 6 scrolls of immolation
 k - 4 scrolls of teleportation
 l - 3 scrolls of fog
 u - 2 scrolls of identify
 v - a scroll of silence
Potions
 e - 2 potions of berserk rage
 f - 3 potions of degeneration
 g - a potion of brilliance
 h - 7 potions of curing
 m - 2 potions of attraction
 o - a potion of heal wounds
 r - a potion of ambrosia {unknown}
 x - 2 potions of cancellation {unknown}
 A - 3 potions of invisibility {unknown}
 C - 3 potions of haste {unknown}


   Skills:
 + Level 4.0 Fighting
 + Level 8.0 Ranged Weapons
 + Level 2.1 Armour
 + Level 2.6 Dodging
 + Level 1.2 Stealth


You had 5 spell levels left.
You didn't know any spells.
Your spell library contained the following spells:

 Spells                   Type           Power      Damage    Failure   Level
 Apportation              Tloc           0%         N/A       47%         1
 Necrotise                Necr           0%         1d4       47%         1
 Summon Small Mammal      Summ           0%         N/A       47%         1


Dungeon Overview and Level Annotations

Branches:
Dungeon (5/15)              Sewer (visited)
 Temple: D:4-7

Altars:
Dithmenos
Hepliaklqana
Zin

Shops:
D:3 !   D:5 :

Annotations:
D:5 1 transporter, 1 runed translucent door, tykejmi's ghost, novice DjFE


Innate Abilities, Weirdness & Mutations

You have a pair of horns on your head.
You reflexively headbutt those who attack you in melee.
You sometimes lose your temper in combat.
You are resistant to electric shocks. (rElec)
Your spells are a little easier to cast, but a little less powerful.


Message History

Your Fighting skill increases to level 4!
Your Ranged Weapons skill increases to level 8!
You shoot an arrow. The arrow hits the gnoll!
You kill the gnoll!
You shoot an arrow. The arrow completely misses the gnoll.
The gnoll throws a throwing net.
The throwing net hits you.
You become entangled in the net!
You are held in a net!
You are held in a net!
You struggle against the net.
The gnoll hits you from afar with a +0 halberd!
You struggle against the net.
The gnoll barely misses you.
You struggle against the net.
The gnoll hits you from afar with a +0 halberd.
You struggle against the net.
The gnoll hits you from afar with a +0 halberd!
* * * LOW HITPOINT WARNING * * *
You shred the net and break free! The gnoll hits you but does no damage.
You are too injured to fight recklessly!
You are too injured to fight recklessly!
Fire: a) +0 shortbow
Press: ? - help, Q - select action, (/) - cycle Shift-Dir - straight line, f/p - gnoll
Aim: a gnoll, wielding a +0 halberd (69% to hit)
You shoot an arrow. The arrow hits the gnoll!
The gnoll is severely wounded.
The gnoll hits you from afar with a +0 halberd.
* * * LOW HITPOINT WARNING * * *
Fire: a) +0 shortbow
Press: ? - help, Q - select action, (/) - cycle Shift-Dir - straight line, f/p - gnoll
Aim: a gnoll, wielding a +0 halberd (severely wounded, 69% to hit)
You shoot an arrow. The arrow hits the gnoll.
The gnoll is severely wounded.
The gnoll barely misses you.
Fire: a) +0 shortbow
Press: ? - help, Q - select action, (/) - cycle Shift-Dir - straight line, f/p - gnoll
Aim: a gnoll, wielding a +0 halberd (severely wounded, 69% to hit)
You shoot an arrow. The arrow barely misses the gnoll.
The gnoll barely misses you.
The gnoll hits you from afar with a +0 halberd!
You die...

.......<#..# #.....#
#.#####...## #.....# ##).#
#.....# #..≈# #######
#.≈... #..≈.≈.≈ .)≈......
#..≈##########
.....)†g.@...#############
##########.............##
#..###.######.## #.#######
#.## #.# ##_## #.## #.#
8...8 ###.##
#.##.....##.....
#.#_....._###.##
..##.....## #...


You could see a gnoll.

Vanquished Creatures
  2 ogres
  A howler monkey (D:5)
  A sleepcap (D:5)
  An iguana (D:4)
  4 adders
  10 gnolls (D:5)
  4 worms
  2 dart slugs
  3 orcs
  11 ball pythons
  10 endoplasms
  4 giant cockroaches
  3 goblins
  3 hobgoblins
  A quokka (D:5)
  5 bats
  3 frilled lizards
  22 kobolds
  9 rats
99 creatures vanquished.

Notes
Turn   | Place    | Note
-------+----------+-------------------------------------------
     0 | D:1      | Josd the Minotaur Hunter began the quest for the Orb.
     0 | D:1      | Reached XP level 1. HP: 18/18 MP: 0/0
   432 | D:1      | Reached XP level 2. HP: 25/25 MP: 1/1
   547 | D:1      | Reached skill level 5 in Ranged Weapons
   573 | D:1      | Found a faded altar of an unknown god.
   829 | D:2      | Reached skill level 1 in Stealth
   992 | D:2      | Reached XP level 3. HP: 30/30 MP: 2/2
  1721 | D:3      | Found Hack's Distillery.
  1735 | D:3      | Bought a potion of curing for 42 gold pieces
  1735 | D:3      | Bought a potion of degeneration for 14 gold pieces
  2060 | D:3      | Reached XP level 4. HP: 37/37 MP: 3/3
  2226 | D:4      | Reached skill level 6 in Ranged Weapons
  2280 | D:4      | Noticed an ogre
  2318 | D:4      | Killed an ogre
  2319 | D:4      | Reached skill level 1 in Armour
  2319 | D:4      | Reached XP level 5. HP: 45/45 MP: 4/4
  2449 | D:4      | Found a glowing drain.
  2501 | Sewer    | Entered a sewer
  2559 | Sewer    | Reached skill level 7 in Ranged Weapons
  2978 | D:4      | Gained mutation: You sometimes lose your temper in combat.
                  | [potion of mutation]
  2978 | D:4      | Gained mutation: Your spells are a little easier to cast,
                  | but a little less powerful. [potion of mutation]
  2978 | D:4      | Gained mutation: You are resistant to electric shocks.
                  | (rElec) [potion of mutation]
  3297 | D:5      | Entered Level 5 of the Dungeon
  3317 | D:5      | Noticed an ogre
  3327 | D:5      | Killed an ogre
  3328 | D:5      | Reached XP level 6. HP: 51/51 MP: 5/5
  3525 | D:5      | Found a transporter.
  3525 | D:5      | Found Taacusk's Book Emporium.
  3646 | D:5      | Found a runed translucent door.
  3648 | D:5      | Noticed tykejmi's ghost (novice DjFE)
  3694 | D:5      | Found a hazy altar of Hepliaklqana.
  3694 | D:5      | Found a glowing silver altar of Zin.
  3695 | D:5      | Found a shadowy altar of Dithmenos.
  3727 | D:5      | Reached skill level 8 in Ranged Weapons
  3736 | D:5      | Mangled by a gnoll

Illustrated notes

Levels and vault maps discovered:
D:1:      dpeg_arrival_shelter, layout_loops_ring,
          hellmonk_ecumenical_altar_blasted
D:2:      layout_loops_corners
D:3:      layout_basic, serial_shops, shop
D:4:      layout_rooms, portal_sewer_entry_d, hangedman_decor_peaks_small,
          wad_floor_pattern_untrapped, kennysheep_another_room
D:5:      layout_loops_ring, nicolae_overflow_hidden_temple,
          nicolae_ru_path_of_blood, serial_shops, nicolae_shop_drivethru,
          ebering_ghost_sewer_f

Skill      XL: |  1  2  3  4  5  6 |
---------------+-------------------+-----
Ranged Weapons | 5 6 7 8 |  8.0
Stealth        | 1 |  1.2
Fighting       | 3 4 |  4.0
Armour         | 1 2 |  2.1
Dodging        | |  2.6

Action                     |  1- 3 |  4- 6 || total
---------------------------+-------+-------++-------
   Fire: Shortbow          |   106 |   157 ||   263
    Use: Scroll            |     4 |     6 ||    10
         Potion            |     1 |     5 ||     6
 Armour: Leather armour    |     2 |    15 ||    17
  Dodge: Dodged            |    20 |    53 ||    73
